[Event "Titled Tuesday Blitz May 24 Early 2022"]
[White "Nogerbek, Kazybek"]
[Black "Hakemi, Arman"]
[WhiteFideId "13710427"]
[BlackFideId "22520805"]
[WhiteElo "2441"]
[BlackElo "2115"]
[Result "1-0"]
[Round "07"]
[TimeControl "180+1"]
[Date "2022.05.24"]
[WhiteClock "0:01:05"]
[BlackClock "0:00:02"]

1. Nf3 Nf6 2. c4 e6 3. Nc3 d5 4. e3 Bd6 5. b3 O-O 6. Bb2 b6 7. cxd5 exd5 8. g3 c6 9. Bg2 Ba6 10. Ne2 Nbd7 11. O-O Rc8 12. Rc1 Nc5 13. Bxf6 Qxf6 14. d4 Ne4 15. Re1 Bb4 16. Rf1 Rfd8 17. Ne5 c5 18. Nd3 Bd2 19. Bxe4 dxe4 20. Qxd2 exd3 21. Nf4 cxd4 22. e4 Rc2 23. Rxc2 dxc2 24. Rc1 d3 25. Nd5 Qd4 26. Ne7+ Kf8 27. Nc6 Qd7 28. Nxd8 Qxd8 29. Rxc2 Qd4 30. Rc7 Qxe4 31. Rxa7 Bb5 32. Rc7 h5 33. h4 Kg8 34. a4 Ba6 35. Rd7 Kf8 36. Qc3 Ke8 37. Rd4 Qe6 38. Qc7 1-0


[Site "https://www.chess.com"]

[Event "Titled Tuesday Blitz May 24 Early 2022"]
[White "Nugumanov, Bakhtiyar"]
[Black "Mikhalsky, Vladimir"]
[WhiteFideId "13701797"]
[BlackFideId "14144352"]
[WhiteElo "2262"]
[BlackElo "2301"]
[Result "0-1"]
[Round "07"]
[TimeControl "180+1"]
[Date "2022.05.25"]
[WhiteClock "0:00:03"]
[BlackClock "0:00:10"]

1. Nf3 c5 2. c4 Nf6 3. Nc3 d5 4. cxd5 Nxd5 5. e3 Nc6 6. Bc4 Nxc3 7. bxc3 e5 8. O-O Be7 9. d4 exd4 10. cxd4 cxd4 11. exd4 O-O 12. Bb2 Bf6 13. Qd2 Bg4 14. d5 Bxf3 15. gxf3 Ne5 16. Be2 Qd6 17. Rfd1 Rfd8 18. Rab1 Rac8 19. Qe3 b6 20. Ba3 Qd7 21. Bb5 Qh3 22. Be2 Ng6 23. f4 Nxf4 24. Qxh3 Nxh3+ 25. Kf1 Nf4 26. Bg4 Rc3 27. Bb4 Rd3 28. d6 a5 29. Rxd3 Nxd3 30. Ba3 Bd4 31. Rd1 Bc5 32. Rxd3 Bxa3 33. d7 Be7 34. Rc3 Bc5 35. Rd3 g6 36. h3 f5 37. Bf3 Kf7 38. Bc6 Ke7 39. a4 Bd6 40. Ke2 Be5 41. Kf3 Ke6 42. Rb3 Kd6 43. Rxb6 Kc7 44. Ra6 Bd4 45. Bb5 Bb6 0-1


[Site "https://www.chess.com"]

[Event "Titled Tuesday Blitz May 24 Early 2022"]
[White "Odegov, Artem"]
[Black "Samaganova, Aleksandra"]
[WhiteFideId "34183644"]
[BlackFideId "13800221"]
[WhiteElo "2286"]
[BlackElo "1889"]
[Result "0-1"]
[Round "07"]
[TimeControl "180+1"]
[Date "2022.05.25"]
[WhiteClock "0:00:02"]
[BlackClock "0:00:54"]

1. d4 Nf6 2. c4 e6 3. Nf3 b6 4. g3 Bb7 5. Bg2 d5 6. O-O Be7 7. cxd5 Nxd5 8. Nc3 Nxc3 9. bxc3 O-O 10. Qc2 Qc8 11. Bf4 c5 12. Rac1 Nd7 13. Qd3 Nf6 14. Rfd1 Be4 15. Qd2 Rd8 16. Be5 Qb7 17. Qf4 Rac8 18. h4 cxd4 19. cxd4 Bd5 20. Ne1 Qa6 21. e4 Bxa2 22. Ra1 Qc4 23. Bf1 Qb3 24. Rdc1 Qb2 25. Rxc8 Rxc8 26. Rc1 Qxc1 27. Qf3 0-1


[Site "https://www.chess.com"]

[Event "Titled Tuesday Blitz May 24 Early 2022"]
[White "Osiecki, Stanislaw"]
[Black "Legenia, Artem"]
[WhiteFideId "1102990"]
[BlackFideId "14136945"]
[WhiteElo "2127"]
[BlackElo "1936"]
[Result "0-1"]
[Round "07"]
[TimeControl "180+1"]
[Date "2022.05.25"]
[WhiteClock "0:00:04"]
[BlackClock "0:00:10"]

1. e4 d6 2. d4 g6 3. Nc3 Bg7 4. f4 a6 5. a4 b6 6. Bc4 Bb7 7. Nf3 e6 8. O-O Ne7 9. e5 O-O 10. Qe1 dxe5 11. dxe5 Bxf3 12. Rxf3 Qd4+ 13. Be3 Qxc4 14. Kh1 Qc6 15. Qh4 Nf5 16. Qh3 Nd7 17. Re1 b5 18. Bf2 b4 19. Ne4 h5 20. Ng5 Nh6 21. c3 a5 22. Bd4 Nb6 23. Ne4 Nd5 24. Nf6+ Bxf6 25. exf6 bxc3 26. bxc3 Rab8 27. Qh4 Kh7 28. Qg5 Rg8 29. Rh3 Rb3 30. Kg1 Nb6 31. g4 Rb2 32. Rg3 Qd5 33. f5 exf5 34. Be3 f4 35. Qxf4 g5 36. Qxc7 h4 37. Bc1 Rc2 38. c4 Nxc4 39. Rf1 hxg3 40. Qxf7+ Qxf7 0-1


[Site "https://www.chess.com"]

[Event "Titled Tuesday Blitz May 24 Early 2022"]
[White "Ovezdurdyyeva, Jemal"]
[Black "Ljukin, Sergei"]
[WhiteFideId "14001888"]
[BlackFideId "14102200"]
[WhiteElo "1946"]
[BlackElo "2312"]
[Result "1-0"]
[Round "07"]
[TimeControl "180+1"]
[Date "2022.05.25"]
[WhiteClock "0:00:39"]
[BlackClock "0:00:01"]

1. e4 e6 2. d4 d5 3. Nd2 Nf6 4. e5 Nfd7 5. Ngf3 c5 6. c3 Nc6 7. Nb3 a5 8. Be2 a4 9. Nxc5 Nxc5 10. dxc5 Bxc5 11. O-O O-O 12. Bd3 f6 13. exf6 Qxf6 14. Bg5 Qf7 15. Bh4 h6 16. Bc2 e5 17. Bxa4 e4 18. Nd4 Ne5 19. Bb3 Bg4 20. Qd2 Kh8 21. Bg3 Nd3 22. Bc2 Bxd4 23. Bxd3 Bb6 24. Bc2 Rad8 25. Kh1 Qe7 26. Rae1 Qf6 27. a4 h5 28. h3 h4 29. Bh2 Bh5 30. b4 Bxf2 31. Bg1 Bxe1 32. Qxe1 Qxf1 33. Qxh4 g6 34. Qg5 Qf6 35. Qh6+ Kg8 36. c4 1-0


[Site "https://www.chess.com"]

[Event "Titled Tuesday Blitz May 24 Early 2022"]
[White "Pacheco Lugo, Alejandro Jose"]
[Black "Lauridsen, Jesper Morch"]
[WhiteFideId "3903745"]
[BlackFideId "1401890"]
[WhiteElo "2146"]
[BlackElo "2241"]
[Result "1-0"]
[Round "07"]
[TimeControl "180+1"]
[Date "2022.05.25"]
[WhiteClock "0:01:13"]
[BlackClock "0:00:07"]

1. e4 c5 2. Nf3 d6 3. d4 cxd4 4. Nxd4 Nf6 5. Nc3 a6 6. Be3 e6 7. Nb3 b6 8. g4 Bb7 9. f3 h6 10. h4 d5 11. e5 Nfd7 12. f4 Be7 13. Bg2 Bxh4+ 14. Kf1 g5 15. Qd2 Nc6 16. Nd4 gxf4 17. Nxc6 Bxc6 18. Bxf4 Qe7 19. Ne2 O-O-O 20. Nd4 Bb5+ 21. Kg1 Bg5 22. a4 Bc4 23. b3 Nxe5 24. bxc4 Nxc4 25. Qf2 Bf6 26. Rb1 Bxd4 27. Qxd4 Qc5 28. Qxc5+ bxc5 29. Rb8+ Kd7 30. Rb7+ Kc6 31. Rxf7 Rhf8 32. Rxf8 Rxf8 33. Bxh6 Rg8 34. g5 Ne3 35. Bh3 e5 36. Kf2 Nxc2 37. Be6 Re8 38. Bf7 Re7 39. g6 e4 40. Bg5 Rb7 41. Kg3 d4 42. g7 Rb8 43. Rh8 Rb3+ 44. Kg4 1-0


[Site "https://www.chess.com"]

[Event "Titled Tuesday Blitz May 24 Early 2022"]
[White "Papasimakopoulos, Alexandros"]
[Black "Martinez Alcantara, Jose Eduardo"]
[WhiteFideId "4244125"]
[BlackFideId "3805662"]
[WhiteElo "2340"]
[BlackElo "2690"]
[Result "0-1"]
[Round "07"]
[TimeControl "180+1"]
[Date "2022.05.24"]
[WhiteClock "0:00:18"]
[BlackClock "0:00:18"]

1. d4 Nf6 2. c4 e6 3. Nc3 Bb4 4. Qc2 d6 5. a3 Bxc3+ 6. Qxc3 Nbd7 7. f3 d5 8. Bf4 O-O 9. e3 b6 10. Bd3 Bb7 11. Ne2 c5 12. b4 cxd4 13. Qxd4 Re8 14. Bg5 h6 15. Bxf6 Nxf6 16. cxd5 e5 17. Qb2 Bxd5 18. Rd1 e4 19. fxe4 Nxe4 20. O-O Qg5 21. Nf4 Rad8 22. Bxe4 Bxe4 23. Qb3 Qe7 24. Rxd8 Rxd8 25. Rd1 Re8 26. Qc3 Bb7 27. Re1 Rc8 28. Qd3 Be4 29. Qd4 Rc2 30. Qd1 Qc7 31. Qd4 f5 32. h3 Kh7 33. b5 Qe7 34. a4 Qg5 35. g4 Qh4 36. Re2 Qg3+ 37. Kf1 Rc1+ 38. Re1 Rxe1# 0-1


[Site "https://www.chess.com"]

[Event "Titled Tuesday Blitz May 24 Early 2022"]
[White "Perez Gormaz, Matias"]
[Black "Vidonyak, Roman"]
[WhiteFideId "3406342"]
[BlackFideId "14100622"]
[WhiteElo "2341"]
[BlackElo "2388"]
[Result "0-1"]
[Round "07"]
[TimeControl "180+1"]
[Date "2022.05.25"]
[WhiteClock "0:00:11"]
[BlackClock "0:01:23"]

1. e4 c5 2. Nf3 d6 3. Nc3 Nf6 4. d4 cxd4 5. Qxd4 Nc6 6. Bb5 Bd7 7. Bxc6 Bxc6 8. Bg5 e6 9. O-O-O Be7 10. Rhe1 O-O 11. e5 dxe5 12. Qh4 Qc7 13. Nxe5 h6 14. Bxh6 gxh6 15. Qxh6 Nh7 16. f4 Bf6 17. Rd3 Bg7 18. Qh3 Kh8 19. Ng6+ fxg6 20. Qxe6 Rae8 0-1


[Site "https://www.chess.com"]

[Event "Titled Tuesday Blitz May 24 Early 2022"]
[White "Perez Rodriguez, Jennifer"]
[Black "Kucuksari, Kaan"]
[WhiteFideId "3507831"]
[BlackFideId "6380166"]
[WhiteElo "2170"]
[BlackElo "2305"]
[Result "1-0"]
[Round "07"]
[TimeControl "180+1"]
[Date "2022.05.25"]
[WhiteClock "0:00:18"]
[BlackClock "0:00:01"]

1. e4 c5 2. c3 Nf6 3. e5 Nd5 4. d4 cxd4 5. Nf3 e6 6. cxd4 d6 7. Bd3 Nc6 8. a3 dxe5 9. dxe5 Qc7 10. O-O Nxe5 11. Nxe5 Qxe5 12. Bb5+ Bd7 13. Bxd7+ Kxd7 14. Nc3 Bd6 15. g3 Nxc3 16. bxc3 Rhd8 17. Bf4 Qd5 18. Bxd6 Kxd6 19. Qg4 Ke7 20. Qxg7 Rg8 21. Qxh7 Rh8 22. Qg7 Qh5 23. h4 Rag8 24. Qd4 Qxh4 25. Qxh4+ Rxh4 26. Rab1 b6 27. Rb4 Rxb4 28. axb4 Rc8 29. Ra1 Rc7 30. Kf1 Kd6 31. Ke2 Rxc3 32. Rxa7 Rc2+ 33. Ke3 f5 34. Rb7 Kc6 35. Re7 Kd5 36. Rd7+ Kc6 37. Re7 Kd6 38. Rb7 Rc3+ 39. Kd4 Rf3 40. Rxb6+ Kd7 41. Rb7+ Kc6 42. Re7 Kd6 43. Ra7 Rxf2 44. Ra6+ Ke7 45. Ra3 Rb2 46. Kc5 Kd7 47. Rd3+ Kc7 48. Re3 Rc2+ 49. Kb5 Kd6 50. Rd3+ Ke7 51. Kb6 e5 52. b5 e4 53. Rd5 Ke6 54. Rc5 Rb2 55. Rc8 Ke5 56. Re8+ Kd4 57. Ka6 e3 58. b6 Ra2+ 59. Kb5 Rb2+ 60. Ka6 Ra2+ 61. Kb5 e2 62. b7 Kd5 63. Kb6 Rb2+ 64. Ka7 Ra2+ 65. Kb8 Kc6 66. Re6+ Kd7 67. Re3 Kc6 68. Kc8 Rd2 69. b8=Q Rd8+ 70. Kxd8 e1=Q 71. Rxe1 1-0


[Site "https://www.chess.com"]

[Event "Titled Tuesday Blitz May 24 Early 2022"]
[White "Petre, Nad-Titus"]
[Black "Bocharov, Dmitry"]
[WhiteFideId "1204165"]
[BlackFideId "4138716"]
[WhiteElo "2354"]
[BlackElo "2541"]
[Result "1-0"]
[Round "07"]
[TimeControl "180+1"]
[Date "2022.05.24"]
[WhiteClock "0:00:31"]
[BlackClock "0:00:52"]

1. e4 c5 2. Nc3 d6 3. f4 g6 4. Nf3 Bg7 5. Bb5+ Bd7 6. Bc4 Nc6 7. d3 e6 8. f5 Nge7 9. O-O gxf5 10. Ng5 Ne5 11. Qh5 N7g6 12. exf5 Nxc4 13. fxe6 Bxe6 14. Nxe6 fxe6 15. dxc4 Qh4 16. Qxh4 Nxh4 17. Nb5 Be5 18. Nc7+ Kd7 19. Nxa8 Rxa8 20. Rf7+ Kc6 21. c3 h5 22. Bf4 Rg8 23. g3 Bxf4 24. Rxf4 Nf5 25. Kf2 a6 26. Re1 Kd7 27. Rfe4 Rg6 28. Rd1 b5 29. cxb5 axb5 30. a4 bxa4 31. Rxa4 d5 32. Ra6 Rf6 33. Rxd5+ Ke7 34. Rxc5 Nd6+ 35. Ke3 1-0


[Site "https://www.chess.com"]

[Event "Titled Tuesday Blitz May 24 Early 2022"]
[White "Petrova, Irina"]
[Black "Sailer, Mike"]
[WhiteFideId "14124122"]
[BlackFideId "2012901"]
[WhiteElo "1993"]
[BlackElo "2109"]
[Result "1-0"]
[Round "07"]
[TimeControl "180+1"]
[Date "2022.05.25"]
[WhiteClock "0:00:02"]
[BlackClock "0:00:01"]

1. e4 d5 2. exd5 Qxd5 3. Nc3 Qd6 4. d4 Nf6 5. Nb5 Qb6 6. c4 Bg4 7. Be2 Bxe2 8. Nxe2 e6 9. O-O c6 10. Nbc3 Be7 11. b3 O-O 12. Be3 Qa5 13. Rc1 Nbd7 14. Ng3 Bb4 15. Bd2 Rad8 16. Qc2 c5 17. a3 Bxc3 18. Bxc3 Qc7 19. dxc5 Nxc5 20. Bxf6 gxf6 21. b4 Nd3 22. Rcd1 Ne5 23. Ne4 f5 24. Nf6+ Kg7 25. Nh5+ Kh8 26. c5 Ng4 27. g3 Rxd1 28. Rxd1 f6 29. Qd2 Qf7 30. Nf4 e5 31. Ng2 Qh5 32. Nh4 f4 33. Qd6 Rf7 34. Qd8+ Kg7 35. Qc8 f5 36. Rd8 Nf6 37. Nxf5+ Kg6 38. Nd6 Rg7 39. Rf8 1-0


[Site "https://www.chess.com"]

[Event "Titled Tuesday Blitz May 24 Early 2022"]
[White "Petrovskyi, Vadym"]
[Black "Sismeiro, Miguel"]
[WhiteFideId "14165210"]
[BlackFideId "1950975"]
[WhiteElo "2400"]
[BlackElo "2031"]
[Result "0-1"]
[Round "07"]
[TimeControl "180+1"]
[Date "2022.05.24"]
[WhiteClock "0:00:22"]
[BlackClock "0:00:15"]

1. e4 g6 2. d4 Bg7 3. Nc3 d5 4. e5 c6 5. h3 f6 6. Nf3 Nh6 7. Bf4 O-O 8. Qd2 Nf7 9. exf6 exf6 10. Be2 Nd6 11. O-O Bf5 12. Bd3 Bxd3 13. Qxd3 Na6 14. Rfe1 Qd7 15. Re2 Rae8 16. Rae1 Nc7 17. b3 Rxe2 18. Rxe2 Re8 19. Rxe8+ Ncxe8 20. a4 Kf7 21. a5 Qf5 22. Qxf5 Nxf5 23. Na4 Bf8 24. g4 Bd6 25. Bd2 Nfg7 26. Kf1 Ne6 27. Ke2 Bc7 28. c4 Nd6 29. Kd3 Ne4 30. cxd5 cxd5 31. a6 bxa6 32. Be3 f5 33. gxf5 gxf5 34. Ne5+ Kf6 35. f3 N4g5 36. Nc3 Bxe5 37. Nxd5+ Kf7 38. dxe5 Nxf3 39. Bxa7 Nxe5+ 40. Ke3 Nc6 41. Bb6 Kg6 42. h4 Kh5 43. Nf4+ Nxf4 44. Kxf4 Kg6 45. h5+ Kf6 46. Bc5 Ke6 47. Kg5 Ne5 48. Bb6 Nd7 49. Bd4 Kd5 50. Bf2 Ke4 51. Bh4 f4 52. Kh6 Ne5 53. Kxh7 f3 54. Kg7 Ng4 55. h6 Nxh6 56. Kxh6 Ke3 57. Kg5 f2 58. Bxf2+ Kxf2 59. Kf4 Ke2 60. Ke4 Kd2 61. Kf3 Kc3 62. Ke2 Kxb3 63. Kd2 Kb2 64. Kd3 a5 65. Kc4 a4 66. Kb4 a3 67. Kc5 a2 68. Kd6 a1=Q 69. Ke7 Qa6 70. Kf8 0-1


[Site "https://www.chess.com"]

[Event "Titled Tuesday Blitz May 24 Early 2022"]
[White "Pham, Tran Gia Phuc"]
[Black "Alinasab, Mobina"]
[WhiteFideId "12415669"]
[BlackFideId "12528897"]
[WhiteElo "1789"]
[BlackElo "2031"]
[Result "0-1"]
[Round "07"]
[TimeControl "180+1"]
[Date "2022.05.25"]
[WhiteClock "0:00:10"]
[BlackClock "0:00:51"]

1. e4 c5 2. Nc3 e6 3. d4 cxd4 4. Qxd4 Nc6 5. Qd3 Nf6 6. Bf4 d5 7. Nge2 Bb4 8. O-O-O Bxc3 9. Nxc3 d4 10. Qf3 e5 11. Bg5 Bg4 12. Qd3 Bxd1 13. Nxd1 O-O 14. Be2 Rc8 15. a3 a6 16. f4 Qd6 17. Rf1 Nd7 18. Bg4 exf4 19. Bxf4 Nde5 20. Qg3 Rcd8 21. Nf2 Qe7 22. Nd3 Nxg4 23. Qxg4 Qxe4 24. Qg3 Qg6 25. Qf3 f6 26. Re1 Rfe8 27. Rxe8+ Rxe8 28. Qd5+ Qf7 29. Qd6 Qe6 30. Qc7 Qe7 31. Qb6 Ne5 32. Nc5 Nc4 0-1


[Site "https://www.chess.com"]

[Event "Titled Tuesday Blitz May 24 Early 2022"]
[White "Polster, Christian"]
[Black "Rodchenkov, Sergey D."]
[WhiteFideId "12965081"]
[BlackFideId "4168712"]
[WhiteElo "2303"]
[BlackElo "2306"]
[Result "1-0"]
[Round "07"]
[TimeControl "180+1"]
[Date "2022.05.25"]
[WhiteClock "0:00:05"]
[BlackClock "0:00:33"]

1. e4 c5 2. Nc3 d6 3. Nge2 Nf6 4. g3 g6 5. Bg2 Bg7 6. O-O O-O 7. d4 cxd4 8. Nxd4 Nc6 9. Nb3 a5 10. a4 Be6 11. Re1 Ne5 12. h3 Qc8 13. Kh2 Nc4 14. Nd4 Nd7 15. Nd5 Re8 16. b3 Bxd5 17. exd5 Qc5 18. Re4 f5 19. Ne6 Qa7 20. Nxg7 fxe4 21. Nxe8 Rxe8 22. bxc4 Qxf2 23. Qf1 Rf8 24. Bh6 Rf5 25. Qxf2 Rxf2 26. Rb1 b6 27. Kg1 Rxc2 28. Bxe4 Rxc4 29. Bf3 Ne5 30. Be2 Re4 31. Kf2 Rxa4 32. Rxb6 Kf7 33. Rb7 Kf6 34. h4 Ra2 35. Bg5+ Kf5 36. Rxe7 h6 37. Bf4 Nd3+ 38. Ke3 Nc5 39. Bxh6 Ra3+ 40. Kf2 Ne4+ 41. Ke1 Ra1+ 42. Bd1 Nxg3 43. Rf7+ Ke5 44. Bf4+ Kxd5 45. Bxg3 Rc1 46. Rf6 Rc3 47. Bf2 a4 48. Bxa4 Ra3 49. Bd1 Ra1 50. Rxg6 Ra8 51. h5 Rh8 52. h6 Ke5 53. Be3 Kf5 54. Rxd6 Ke5 55. Ra6 Rh7 56. Bc2 Rh8 57. h7 Rxh7 58. Bxh7 1-0


[Site "https://www.chess.com"]

[Event "Titled Tuesday Blitz May 24 Early 2022"]
[White "Poltorak, Sebastian"]
[Black "Warchol, Kamil"]
[WhiteFideId "1199498"]
[BlackFideId "21858241"]
[WhiteElo "2066"]
[BlackElo "1951"]
[Result "1-0"]
[Round "07"]
[TimeControl "180+1"]
[Date "2022.05.25"]
[WhiteClock "0:01:26"]
[BlackClock "0:00:55"]

1. e4 c5 2. Nc3 a6 3. g3 b5 4. Bg2 Bb7 5. Nh3 e6 6. O-O h5 7. d3 Be7 8. f4 Nc6 9. Be3 d6 10. f5 e5 11. Nd5 Nf6 12. Nxe7 Qxe7 13. c3 Rd8 14. Qe2 d5 15. exd5 Nxd5 16. Rae1 f6 17. Bf2 h4 18. gxh4 Kf7 19. Qg4 Rh6 20. Kh1 Nb8 21. Rg1 Rdh8 22. Be4 Qf8 23. Qf3 Qd6 24. c4 1-0


[Site "https://www.chess.com"]

[Event "Titled Tuesday Blitz May 24 Early 2022"]
[White "Pranav, V"]
[Black "Golubev, Mikhail"]
[WhiteFideId "25060783"]
[BlackFideId "14100983"]
[WhiteElo "2861"]
[BlackElo "2608"]
[Result "1-0"]
[Round "07"]
[TimeControl "180+1"]
[Date "2022.05.25"]
[WhiteClock "0:01:56"]
[BlackClock "0:00:51"]

1. e4 c5 2. Nf3 d6 3. Bb5+ Bd7 4. Bxd7+ Qxd7 5. O-O Nf6 6. Re1 Nc6 7. c3 e6 8. d3 g6 9. Nbd2 Bg7 10. a4 O-O 11. Nc4 d5 12. exd5 Nxd5 13. Qe2 b6 14. Bg5 h6 15. Bh4 f5 16. Qxe6+ Qxe6 17. Rxe6 Rac8 18. Rxg6 Kh7 19. Rd6 Nf6 20. Re1 Rc7 21. Ree6 Nd8 22. Rxd8 Rxd8 23. Bxf6 Bxf6 24. Rxf6 Rxd3 25. h4 Rd1+ 26. Kh2 Ra1 27. Nd6 Rxa4 28. Nxf5 Ra2 29. Rxh6+ Kg8 30. Rg6+ Kh7 31. h5 Rxb2 32. Ng5+ Kh8 33. f3 a5 34. Nd6 a4 35. Ndf7+ Rxf7 36. Nxf7+ Kh7 37. Rg4 b5 38. h6 1-0


[Site "https://www.chess.com"]

[Event "Titled Tuesday Blitz May 24 Early 2022"]
[White "Preotu, Razvan"]
[Black "Suleymanli, Suleyman"]
[WhiteFideId "2613280"]
[BlackFideId "13416375"]
[WhiteElo "2407"]
[BlackElo "1598"]
[Result "1-0"]
[Round "07"]
[TimeControl "180+1"]
[Date "2022.05.25"]
[WhiteClock "0:00:59"]
[BlackClock "0:01:10"]

1. e4 e6 2. d4 d5 3. Nc3 Nf6 4. e5 Nfd7 5. f4 c5 6. Nf3 Nc6 7. Be3 Qb6 8. Na4 Qa5+ 9. c3 c4 10. b4 cxb3 11. axb3 b5 12. Nc5 Qb6 13. b4 Nxc5 14. bxc5 Qb7 15. Bd3 a6 16. O-O Bd7 17. Ng5 g6 18. Qf3 Be7 19. Qg3 h6 20. Nxf7 Kxf7 21. Qxg6+ Kf8 22. f5 Bg5 23. fxe6+ Ke7 24. Bxg5+ hxg5 25. Qf6+ Ke8 26. Bg6# 1-0


[Site "https://www.chess.com"]

[Event "Titled Tuesday Blitz May 24 Early 2022"]
[White "Quirke, Jeffrey"]
[Black "Melaugh, Shane"]
[WhiteFideId "2013029"]
[BlackFideId "2509580"]
[WhiteElo "2227"]
[BlackElo "1972"]
[Result "1-0"]
[Round "07"]
[TimeControl "180+1"]
[Date "2022.05.25"]
[WhiteClock "0:00:41"]
[BlackClock "0:00:15"]

1. e4 e6 2. d4 d5 3. Nc3 Nf6 4. e5 Nfd7 5. f4 c5 6. Nf3 Nc6 7. Be3 h6 8. Qd2 g5 9. fxg5 cxd4 10. Nxd4 Ndxe5 11. O-O-O hxg5 12. Bb5 Bd7 13. Rhe1 Rxh2 14. Nxd5 exd5 15. Bxg5 Qxg5 16. Qxg5 Bh6 17. Qxh6 Rxh6 18. Nxc6 Bxc6 19. Rxe5+ Kf8 20. Bd3 Re8 21. Rf5 Re7 22. Rdf1 Rh2 23. g4 Kg7 24. g5 Rg2 25. b3 a5 26. a4 Rg4 27. Kb2 Rb4 28. Kc3 Rc7 29. Kd2 Rg4 30. R1f4 Rg2+ 31. Kc1 Re7 32. Kb2 Rg3 33. Kc3 Rc7 34. Kd4 b6 35. Re5 Bb7 36. Rh4 Kg8 37. Re8+ Kg7 38. Rh7# 1-0


[Site "https://www.chess.com"]

[Event "Titled Tuesday Blitz May 24 Early 2022"]
[White "Ramirez Vido, Robert Yorisan"]
[Black "Baches Garcia, Guillermo"]
[WhiteFideId "3513823"]
[BlackFideId "2209764"]
[WhiteElo "2353"]
[BlackElo "2504"]
[Result "1-0"]
[Round "07"]
[TimeControl "180+1"]
[Date "2022.05.25"]
[WhiteClock "0:00:11"]
[BlackClock "0:00:11"]

1. g3 g6 2. Bg2 Bg7 3. d4 d5 4. Nf3 Nd7 5. O-O Ngf6 6. Nbd2 Nb6 7. b3 O-O 8. Bb2 Bf5 9. Nh4 Bg4 10. f3 Be6 11. e4 c5 12. dxc5 Nbd7 13. e5 Ne8 14. f4 Nxc5 15. Ndf3 Bg4 16. Qd4 Ne4 17. Nd2 N8d6 18. Qxd5 Nxd2 19. Qxd2 Nf5 20. Qxd8 Raxd8 21. Nxf5 Bxf5 22. Bxb7 Bxc2 23. Rac1 Bf5 24. Ba3 Rd7 25. Bc8 Rd2 26. Bxf5 gxf5 27. Rf2 Rd7 28. Rfc2 Rfd8 29. Rc8 Bf8 30. Rxd8 Rxd8 31. Rc2 Rd7 32. Kf2 Kg7 33. Ke3 Rb7 34. Bc5 e6 35. Bxf8+ Kxf8 36. Kd4 Ke7 37. Rc4 h5 38. b4 Rd7+ 39. Ke3 h4 40. a4 hxg3 41. hxg3 Rd1 42. Rc7+ Kf8 43. Rxa7 Rb1 44. b5 Rb3+ 45. Kd4 Rxg3 46. b6 Rf3 47. b7 1-0


[Site "https://www.chess.com"]

[Event "Titled Tuesday Blitz May 24 Early 2022"]
[White "Redzisz, Michal"]
[Black "Vainio, Ville"]
[WhiteFideId "21816107"]
[BlackFideId "507270"]
[WhiteElo "2004"]
[BlackElo "2228"]
[Result "1-0"]
[Round "07"]
[TimeControl "180+1"]
[Date "2022.05.25"]
[WhiteClock "0:00:18"]
[BlackClock "0:00:10"]

1. Nf3 d6 2. d4 Bg4 3. e3 Nd7 4. Be2 e5 5. dxe5 dxe5 6. b3 c6 7. Bb2 Qc7 8. Nbd2 Ngf6 9. O-O Be7 10. h3 Bh5 11. Nc4 e4 12. Nfe5 Bxe2 13. Qxe2 b5 14. Nxd7 Qxd7 15. Rad1 Qe6 16. Bxf6 Qxf6 17. Nd2 Qe6 18. c4 a6 19. Qg4 f5 20. Qxg7 Rg8 21. Qd4 Rd8 22. Qb6 f4 23. cxb5 axb5 24. exf4 Rd5 25. Qe3 Rd3 26. Qxe4 Qxh3 27. Rfe1 Rg7 28. Qxc6+ Kf8 29. Rxe7 Rxe7 30. gxh3 1-0


[Site "https://www.chess.com"]

[Event "Titled Tuesday Blitz May 24 Early 2022"]
[White "Rios Escobar, Adan"]
[Black "Steenbekkers, Franck"]
[WhiteFideId "3403645"]
[BlackFideId "1004220"]
[WhiteElo "2395"]
[BlackElo "2032"]
[Result "1-0"]
[Round "07"]
[TimeControl "180+1"]
[Date "2022.05.25"]
[WhiteClock "0:02:46"]
[BlackClock "0:02:38"]

1. d4 Nf6 2. g3 g6 3. Bg2 Bg7 4. e4 d6 5. Ne2 a6 6. O-O O-O 7. a4 c6 8. Nbc3 Nbd7 9. a5 b5 10. axb6 Qxb6 11. b3 c5 12. e5 dxe5 13. dxe5 1-0


[Site "https://www.chess.com"]

[Event "Titled Tuesday Blitz May 24 Early 2022"]
[White "Rom, Jasper"]
[Black "Levitskiy, Andrey"]
[WhiteFideId "2023733"]
[BlackFideId "14132885"]
[WhiteElo "2233"]
[BlackElo "2301"]
[Result "0-1"]
[Round "07"]
[TimeControl "180+1"]
[Date "2022.05.25"]
[WhiteClock "0:00:02"]
[BlackClock "0:00:18"]

1. e4 e6 2. d4 d5 3. Bd3 dxe4 4. Bxe4 Nf6 5. Bf3 c5 6. Ne2 Nc6 7. Be3 e5 8. Bxc6+ bxc6 9. dxe5 Qxd1+ 10. Kxd1 Ng4 11. Re1 Be7 12. Nd2 O-O 13. Nf3 Nxe3+ 14. fxe3 Bf5 15. Ng3 Be6 16. b3 f6 17. Ke2 fxe5 18. c4 a5 19. Ne4 a4 20. Nxe5 Bf5 21. Nd2 Bf6 22. Ndf3 Bg4 23. Nxg4 Bxa1 24. Rxa1 axb3 25. Nge5 Rxa2+ 26. Nd2 Rxa1 27. Nxb3 Ra2+ 28. Kd3 Rxg2 29. Nxc5 Rxh2 30. Nxc6 h5 31. Ne7+ Kf7 32. Nf5 Rd8+ 33. Ke4 g6 34. Nd4 Rh4+ 35. Kf3 Rhxd4 36. exd4 Rxd4 0-1


[Site "https://www.chess.com"]

[Event "Titled Tuesday Blitz May 24 Early 2022"]
[White "Rostovtsev, Dmitry"]
[Black "Oparin, Grigoriy"]
[WhiteFideId "34278320"]
[BlackFideId "24125890"]
[WhiteElo "2274"]
[BlackElo "2665"]
[Result "1/2-1/2"]
[Round "07"]
[TimeControl "180+1"]
[Date "2022.05.24"]
[WhiteClock "0:00:07"]
[BlackClock "0:00:58"]

1. c4 Nf6 2. Nc3 e5 3. Nf3 Nc6 4. e4 Bb4 5. d3 d6 6. a3 Bc5 7. b4 Bb6 8. Na4 Bg4 9. Nxb6 axb6 10. Bb2 O-O 11. Be2 Bxf3 12. Bxf3 Nd4 13. O-O c5 14. Be2 Nd7 15. f4 exf4 16. Rxf4 Ne5 17. Bxd4 cxd4 18. Qc1 b5 19. c5 Rc8 20. Rf5 Qe7 21. Qf4 f6 22. cxd6 Qxd6 23. Rf1 Rc2 24. Bd1 Rc3 25. Qg3 Rxd3 26. Bb3+ Kh8 27. Qxe5 Qxe5 28. Rxe5 Rxb3 29. Rxb5 Rxa3 30. Rxb7 Re3 31. Rd7 Rxe4 32. Rd1 d3 33. R7xd3 Rxb4 34. Rd8 Kg8 35. Rxf8+ Kxf8 36. h3 Kf7 37. Rd7+ Kg6 38. Kh2 h5 39. Ra7 Kh6 40. Rf7 h4 41. Rc7 g5 42. Rf7 Kg6 43. Rc7 Rb6 44. Rd7 f5 45. Rc7 Re6 46. Rb7 Kf6 47. Rc7 Rd6 48. Rh7 Ke5 49. Ra7 Rd4 50. Ra2 Rd1 51. Re2+ Kf6 52. Ra2 Rd3 53. Ra6+ Ke5 54. Ra2 Ke4 55. Rf2 g4 56. hxg4 fxg4 57. Rf8 Rd2 58. Rf7 h3 59. Kh1 Rxg2 60. Rf4+ Ke3 61. Rf3+ Ke2 62. Re3+ Kf1 63. Re1+ Kf2 64. Re2+ Kg3 65. Re3+ Kf4 66. Re4+ Kg5 67. Re5+ Kg6 68. Re6+ Kf5 69. Re5+ Kf4 70. Re4+ Kg5 71. Re5+ Kh4 72. Rh5+ Kg3 73. Rxh3+ Kf2 74. Rf3+ Ke2 75. Re3+ Kxe3 76. Kxg2 Kf4 77. Kf2 g3+ 78. Kg2 Kg4 79. Kg1 Kf3 80. Kf1 Kf4 81. Kg2 Kg4 82. Kg1 Kg5 83. Kg2 Kh4 84. Kg1 Kh3 85. Kh1 g2+ 86. Kg1 Kg3 1/2-1/2


[Site "https://www.chess.com"]

[Event "Titled Tuesday Blitz May 24 Early 2022"]
[White "Samunenkov, Ihor"]
[Black "Przybylski, Wojciech"]
[WhiteFideId "14187086"]
[BlackFideId "1117599"]
[WhiteElo "2409"]
[BlackElo "2133"]
[Result "1/2-1/2"]
[Round "07"]
[TimeControl "180+1"]
[Date "2022.05.25"]
[WhiteClock "0:00:02"]
[BlackClock "0:00:05"]

1. e4 e5 2. Nf3 Nc6 3. Bb5 Nf6 4. O-O Nxe4 5. Re1 Nd6 6. Nxe5 Be7 7. Bf1 O-O 8. d4 Nf5 9. Nf3 d5 10. Nc3 Nh4 11. Nxh4 Bxh4 12. Ne2 Re8 13. c3 Bf5 14. Nf4 Rxe1 15. Qxe1 Qd7 16. g3 Bg5 17. Bg2 Re8 18. Qf1 Be4 19. Bxe4 dxe4 20. Qb5 Bxf4 21. Bxf4 Qc8 22. Re1 Re7 23. Qd5 Qe8 24. b4 a6 25. a4 Nd8 26. Bg5 c6 27. Qf5 Re6 28. c4 g6 29. Qf4 Qd7 30. Bf6 b5 31. axb5 axb5 32. cxb5 cxb5 33. Rxe4 Nc6 34. Rxe6 Qxe6 35. d5 Qxd5 36. Qh6 Qd1+ 37. Kg2 Qd5+ 38. f3 Qa2+ 39. Kg1 Qb1+ 40. Kf2 Qa2+ 41. Kg1 Qb1+ 42. Kg2 Qa2+ 43. Kg1 1/2-1/2


[Site "https://www.chess.com"]